 Dungeon Crawl Stone Soup version 0.24-a0-549-g45f0056d81 (webtiles) character file.

Game seed: 9231147810523915562

6091 DasRunzen the Fighter (level 10, 0/91 HPs)
             Began as a Minotaur Fighter on Aug 20, 2019.
             Was a High Priest of Makhleb.
             Killed by vampiric draining
             ... invoked by a vampire
              (11 damage)
             ... on level 9 of the Dungeon.
             The game lasted 00:18:03 (5813 turns).

DasRunzen the Fighter (Minotaur Fighter)            Turns: 5813, Time: 00:18:04

Health: 0/91       AC: 11    Str: 21    XL:     10   Next: 58%
Magic:  14/14      EV:  8    Int:  5    God:    Makhleb [*****.]
Gold:   217        SH: 16    Dex: 13    Spells: 9/9 levels left

rFire    . . .     SeeInvis +   a - +2 war axe
rCold    . . .     Gourm    .   c - +4 shield
rNeg     . . .     Faith    .   b - +0 scale mail
rPois    +         Spirit   .   (helmet restricted)
rElec    .         Reflect  .   j - +0 cloak
rCorr    .         Harm     .   v - +0 pair of gloves
MR       .....     Clarity  +   (no boots)
Stlth    ..........             (no amulet)
HPRegen  0.00/turn              k - ring of see invisible
MPRegen  0.14/turn              (no ring)

@: no status effects
A: retaliatory headbutt, horns 2, clarity, poison resistance, inhibited
regeneration
a: Minor Destruction, Lesser Servant of Makhleb, Major Destruction, Greater
Servant of Makhleb, Renounce Religion


You were on level 9 of the Dungeon.
You worshipped Makhleb.
Makhleb was extremely pleased with you.
You were not hungry.

You visited 1 branch of the dungeon, and saw 9 of its levels.
You also visited: Ossuary.

You collected 609 gold pieces.
You spent 392 gold pieces at shops.

Inventory:

Hand Weapons
 a - a +2 war axe (weapon)
 s - the +5 hunting sling "Xokost" {venom, rPois rC+ Str+6 Int-3}
   (You found it on level 5 of the Dungeon)

   It poisons the ammo it fires.
   It affects your strength (+6).
   It affects your intelligence (-3).
   It protects you from cold.
   It protects you from poison.
 x - a +0 war axe of flaming
Missiles
 A - 18 sling bullets
Armour
 b - a +0 scale mail (worn)
 c - a +4 shield (worn)
 j - a +0 cloak (worn)
 v - a +0 pair of gloves (worn)
Jewellery
 k - a ring of see invisible (left hand)
Wands
 e - a wand of flame (13)
 h - a wand of enslavement (8)
 u - a wand of clouds (3)
Scrolls
 o - 2 scrolls of fog
 t - 2 scrolls of magic mapping
 w - 5 scrolls of identify
 y - a scroll of enchant weapon
 B - 3 scrolls of remove curse
 C - a scroll of silence {unknown}
 F - a scroll of torment {unknown}
 H - a scroll of enchant armour
Potions
 d - a potion of might
 g - 9 potions of curing
 i - 3 potions of agility
 l - 2 potions of lignification
 m - 2 potions of ambrosia
 n - a potion of cancellation
 p - 2 potions of haste
 q - a potion of brilliance
 r - 2 potions of flight
 z - a potion of berserk rage
 D - a potion of mutation
 E - 4 potions of heal wounds
Comestibles
 f - 14 rations


   Skills:
 + Level 9.5 Fighting
 + Level 9.0 Axes
 + Level 9.3 Armour
 + Level 9.4 Shields
 + Level 6.8 Invocations


You had 9 spell levels left.
You didn't know any spells.
Your spell library contained the following spells:

 Spells                   Type           Power        Failure   Level  Hunger
 Corona                   Hex            #......      95%         1    ##.....
 Ensorcelled Hibernation  Hex/Ice        #.....       98%         2    ###....
 Confuse                  Hex            #.......     100%        3    ####...
 Dazzling Spray           Conj/Hex       #.....       100%        3    ####...
 Tukima's Dance           Hex            #.......     100%        3    ####...


Dungeon Overview and Level Annotations

Branches:
Dungeon (9/15)             Temple (0/1) D:7
   Lair: D:8-11         Orc: D:9-12

Altars:
Cheibriados
Elyvilon
Gozag
Hepliaklqana
Kikubaaqudgha
Makhleb
Qazlal
Ru
Vehumet
Wu Jian
Yredelemnul

Shops:
D:7 *!=%[   D:8 ?


Innate Abilities, Weirdness & Mutations

You reflexively headbutt those who attack you in melee.
You have a pair of horns on your head.
You possess an exceptional clarity of mind.
Your system is resistant to poisons. (rPois)
You do not regenerate when monsters are visible.


Message History

Your smoke demon barely misses the vampire. x2
You slash the vampire!
You headbutt the vampire, but do no damage.
The vampire is almost destroyed.
The vampire is infused with unholy energy.
* * * LOW HITPOINT WARNING * * *
The vampire draws life force from you and is healed!
Your smoke demon hits the vampire but does no damage.
Your smoke demon hits the vampire. x2
You hit the vampire but do no damage.
You headbutt the vampire, but do no damage.
The vampire is almost destroyed.
The vampire is infused with unholy energy.
* * * LOW HITPOINT WARNING * * *
The vampire draws life force from you and is healed!
Your smoke demon hits the vampire. x3
You closely miss the vampire.
The vampire is almost destroyed.
The vampire is infused with unholy energy.
You die...

................##.##†)#......##.
...######......###..#.######)###.
.###########....##..#.#..#.......
####}.SH####...##................
#.....SH.###..#........#.<.#....
.#...##..#.#.####.#####....
##..###.W.### # .... #.K##..##
.... #. ##..@### ....
#.S##..V3.## ##.# ##..##.#....#
#..###.#.(..# ...##...##.....#
..###.#. ...### ###.... ...#
#..... ..... ..#. ##[...


You could see a phantom, a vampire (invisible), a big kobold, an adder and a
friendly smoke demon.

Vanquished Creatures
  An unseen horror (D:7)
  An ugly thing (D:7)
  2 centaur skeletons
  A troll (D:8)
  A spriggan (D:9)
  A hungry ghost (D:9)
  A water moccasin (D:5)
  3 sky beasts
  2 necrophages
  7 ogres
  4 centaurs
  9 bullfrogs
  A gnoll sergeant (D:9)
  2 water moccasin zombies (Ossuary)
  2 scorpions
  A wyvern skeleton (D:8)
  4 wights (D:8)
  3 howler monkeys (D:8)
  4 crimson imps
  3 bullfrog zombies
  A quasit (D:8)
  4 hounds
  9 orc wizards
  5 jellies
  3 orc priests
  2 bullfrog skeletons
  Jessica (D:3)
  6 iguanas
  3 worker ants
  2 big kobold zombies (Ossuary)
  2 hound zombies
  A hound skeleton (D:5)
  2 mummies (Ossuary)
  10 gnolls
  A howler monkey skeleton (D:8)
  A worker ant zombie (D:7)
  11 adders
  2 oozes
  7 adder zombies (Ossuary)
  An adder skeleton (D:5)
  4 worms
  2 dart slugs
  8 leopard geckos
  38 orcs
  5 giant cockroaches
  5 goblins
  10 hobgoblins
  3 jackals (D:2)
  6 kobolds
  8 quokkas
  8 bats
  2 frilled lizards (D:3)
  A gnoll zombie (Ossuary)
  8 hobgoblin zombies (Ossuary)
  A jackal zombie (D:7)
  4 kobold zombies (Ossuary)
  2 leopard gecko zombies
  3 orc zombies (Ossuary)
  A quokka skeleton (D:4)
  A quokka zombie (D:4)
  11 rats
  A rat zombie (D:4)
259 creatures vanquished.

Vanquished Creatures (others)
  An orc wizard (D:6)
1 creature vanquished.

Grand Total: 260 creatures vanquished

Notes
Turn   | Place    | Note
-------+----------+-------------------------------------------
     0 | D:1      | DasRunzen the Minotaur Fighter began the quest for the Orb.
     0 | D:1      | Reached XP level 1. HP: 19/19 MP: 0/0
   132 | D:1      | Reached XP level 2. HP: 27/27 MP: 1/1
   545 | D:2      | Reached XP level 3. HP: 32/33 MP: 2/2
   713 | D:2      | Found an opulent altar of Gozag.
   750 | D:2      | Reached XP level 4. HP: 39/41 MP: 3/3
   897 | D:3      | Found a burning altar of Makhleb.
   914 | D:3      | Became a worshipper of Makhleb the Destroyer
   936 | D:3      | Noticed Jessica
   940 | D:3      | Killed Jessica
   981 | D:3      | Reached XP level 5. HP: 39/47 MP: 4/4
  1134 | D:3      | Reached skill level 1 in Invocations
  1492 | D:4      | Found a basalt altar of Yredelemnul.
  1507 | D:4      | Reached * piety under Makhleb
  1537 | D:4      | Found a sand-covered staircase.
  1555 | Ossuary  | Entered an ossuary
  1568 | Ossuary  | Reached skill level 5 in Fighting
  1601 | Ossuary  | Reached skill level 5 in Armour
  1601 | Ossuary  | Reached skill level 5 in Shields
  1601 | Ossuary  | Reached XP level 6. HP: 43/56 MP: 6/6
  1710 | Ossuary  | Reached ** piety under Makhleb
  1803 | D:4      | Found a radiant altar of Vehumet.
  1811 | D:4      | Reached XP level 7. HP: 48/61 MP: 7/7
  2178 | D:5      | Entered Level 5 of the Dungeon
  2197 | D:5      | Reached skill level 5 in Axes
  2386 | D:5      | Got a shimmering hunting sling
  2393 | D:5      | Reached XP level 8. HP: 58/70 MP: 9/9
  2397 | D:5      | Found a white marble altar of Elyvilon.
  2460 | D:5      | Found an ornate altar of the Wu Jian Council.
  2632 | D:5      | Reached *** piety under Makhleb
  2673 | D:5      | Found a snail-covered altar of Cheibriados.
  2774 | D:5      | Found a sacrificial altar of Ru.
  3030 | D:5      | Identified the +5 hunting sling "Xokost" {venom, rPois rC+
                  | Str+6 Int-3} (You found it on level 5 of the Dungeon)
  3417 | D:6      | Got a pitted flail
  3421 | D:6      | Identified the cursed +1 flail of Usiudem {crush, Stlth+}
                  | (You found it on level 6 of the Dungeon)
  3956 | D:6      | Gained mutation: You possess an exceptional clarity of
                  | mind. [potion of mutation]
  3956 | D:6      | Gained mutation: You do not regenerate when monsters are
                  | visible. [potion of mutation]
  3956 | D:6      | Gained mutation: Your system is resistant to poisons.
                  | (rPois) [potion of mutation]
  3992 | D:7      | Found Pocvootz's General Store.
  4003 | D:7      | Reached XP level 9. HP: 74/79 MP: 11/11
  4142 | D:7      | Found Faded's Jewellery Shoppe.
  4178 | D:7      | Reached **** piety under Makhleb
  4185 | D:7      | Reached skill level 5 in Invocations
  4205 | D:7      | Found Elam's Antique Armour Boutique.
  4215 | D:7      | Found Decse's Food Emporium.
  4360 | D:7      | Noticed an unseen horror
  4377 | D:7      | Killed an unseen horror
  4529 | D:7      | Found Rieweet's Distillery.
  4532 | D:7      | Bought a potion of mutation for 112 gold pieces
  4532 | D:7      | Bought a potion of heal wounds for 70 gold pieces
  4532 | D:7      | Bought 2 potions of heal wounds for 140 gold pieces
  4532 | D:7      | Bought a potion of heal wounds for 70 gold pieces
  4708 | D:7      | Noticed a purple ugly thing
  4735 | D:7      | Killed a purple ugly thing
  4926 | D:7      | Found a staircase to the Ecumenical Temple.
  5031 | D:8      | Reached XP level 10. HP: 90/90 MP: 13/13
  5150 | D:8      | Found a snail-covered altar of Cheibriados.
  5162 | D:8      | Found an ancient bone altar of Kikubaaqudgha.
  5163 | D:8      | Found a stormy altar of Qazlal.
  5238 | D:8      | Found Revopp's Magic Scroll Shoppe.
  5300 | D:8      | Reached ***** piety under Makhleb
  5733 | D:9      | Found a hazy altar of Hepliaklqana.
  5813 | D:9      | Killed from afar by a vampire

Levels and vault maps discovered:
D:1:      eino_arrival_cavern_b, layout_loops_ring
D:2:      layout_basic, overflow_temple_1_default, first_ration
D:3:      layout_rooms, nicolae_overflow_crystal_walls, uniq_jessica
D:4:      layout_rooms, yredelemnul_altar_generic, vehumet_altar_wand_db,
          enter_ossuary_4, minmay_vboxes
D:5:      layout_cave_pools, lemuel_coloured_pillars_altar, marbit_many_paths,
          elyvilon_altar_5, chequers_serial_rivers_micro_e,
          kennysheep_slug_shrine
D:6:      layout_loops_corners
D:7:      layout_loops_ring, temple_hall, serial_shops, shop,
          nicolae_shop_statue_plus, shop_coins, kennysheep_mini, shop,
          st_stairs_7, chequers_arboretum
D:8:      layout_rooms, chequers_temple_overflow_statue_of_worship,
          serial_shops, nicolae_shop_competitors_out_of_business
D:9:      layout_cave_pools, basic_altar, the_bakery,
          minmay_mirror_moons_of_madness

Skill      XL: |  1  2  3  4  5  6  7  8  9 10 |
---------------+-------------------------------+-----
Fighting       | 4 5 6 7 8 9 |  9.5
Axes           | 3 4 5 6 8 9 |  9.0
Armour         | 4 5 6 7 8 9 |  9.3
Shields        | 4 5 6 7 8 9 |  9.4
Invocations    | 1 2 3 4 6 |  6.8

Action                   |  1- 3 |  4- 6 |  7- 9 | 10-12 || total
-------------------------+-------+-------+-------+-------++-------
Melee: War axe           |    84 |   175 |   309 |   173 ||   741
       Headbutt          |     7 |    34 |    51 |    36 ||   128
Invok: Lesser Servant of |       |       |       |     1 ||     1
  Use: Scroll            |     5 |    11 |    12 |       ||    28
       Potion            |       |       |     2 |       ||     2
  Eat: Chunk             |       |     4 |    10 |     4 ||    18
Armor: Scale mail        |    37 |    58 |    94 |    62 ||   251
Dodge: Dodged            |    33 |    43 |    85 |    42 ||   203
Block: Shield            |    47 |   111 |   218 |   142 ||   518

Table legend:
 A = Non-vault XP
 B = Vault XP
 C = Vault XP percentage of total XP
 D = Non-vault monster count
 E = Vault monster count
 F = Vault count percentage of total count
                 A         B        C        D         E       F
            +---------+---------+-------+---------+---------+-------
      Total |    7964 |     738 |   8.5 |     219 |      41 |  15.8
            +---------+---------+-------+---------+---------+-------
        D:1 |      28 |       0 |   0.0 |      17 |       0 |   0.0
        D:2 |      79 |       0 |   0.0 |      22 |       0 |   0.0
        D:3 |      97 |      37 |  27.6 |      22 |       1 |   4.3
        D:4 |     325 |      96 |  22.8 |      17 |       7 |  29.2
        D:5 |    1073 |       6 |   0.6 |      25 |       2 |   7.4
        D:6 |     436 |       0 |   0.0 |      18 |       0 |   0.0
        D:7 |    2752 |      93 |   3.3 |      43 |       1 |   2.3
        D:8 |    2203 |       0 |   0.0 |      28 |       0 |   0.0
        D:9 |     971 |     215 |  18.1 |      27 |       1 |   3.6
    Ossuary |       0 |     291 | 100.0 |       0 |      29 | 100.0
            +---------+---------+-------+---------+---------+-------
